PCL
VANCOUVER VIPERS @ REDWOOD CITY REDWOODS
08/01/2027
 
TOP OF THE 1ST
Vancouver Vipers batting - Pitching for Redwood City Redwoods : RHP Tony Meyer
Pitching: RHP Tony Meyer
Batting: RHB Miguel Palácios 0-0: Called Strike
0-1: Ball
1-1: Foul Ball, location: 2F
1-2: Ball
2-2: Fly out, F8 (Flyball, 89M)
Batting: LHB Dave Gray 0-0: Called Strike
0-1: Ball
1-1: Ball
2-1: Reached via error on a dropped throw, E1
Batting: LHB Tanyu Imai 0-0: Called Strike
0-1: Ball
1-1: Ball
2-1: Fly out, F4 (Popup, 3L)
Batting: RHB Lorenzo González 0-0: Ball
1-0: Called Strike
1-1: Called Strike
1-2: Ground out 5-3 (Groundball, 5S)
Top of the 1st over - 0 run(s), 0 hit(s), 1 error(s), 1 left on base; Vancouver 0 - Redwood City 0
BOTTOM OF THE 1ST
Redwood City Redwoods batting - Pitching for Vancouver Vipers : RHP Gustavo Ramos
Pitching: RHP Gustavo Ramos
Batting: LHB Keith Green 0-0: Ball
1-0: Ball
2-0: Ball
3-0: Called Strike
3-1: Base on Balls
Batting: LHB Marcos Vázquez 0-0: Called Strike
0-1: Swinging Strike
0-2: Foul Ball, location: 2F
0-2: Foul Ball, location: 2F
0-2: Strikes out swinging
Batting: LHB Pablo Rivas 0-0: Ball
1-0: 2-RUN HOME RUN (Flyball, 9D), Distance : 352 ft
Batting: RHB Jacob Pope 0-0: Fly out, F9 (Flyball, 9LM)
Batting: RHB Héctor Vázquez 0-0: Ball
1-0: SINGLE (Groundball, 34D)
Batting: LHB Bernardo Rodríguez 0-0: Ball
Héctor Vázquez is caught stealing 2nd base
Bottom of the 1st over - 2 run(s), 2 hit(s), 0 error(s), 0 left on base; Vancouver 0 - Redwood City 2
TOP OF THE 2ND
Vancouver Vipers batting - Pitching for Redwood City Redwoods : RHP Tony Meyer
Batting: RHB Walton Smith 0-0: Ball
1-0: Called Strike
1-1: Ball
2-1: Ball
3-1: Base on Balls
Batting: LHB Mike Williams 0-0: Fly out, F9 (Line Drive, 9LM)
Batting: RHB Marvin Workman 0-0: Ball
1-0: Grounds into double play, 5-4-3 (Groundball, 56)
Top of the 2nd over - 0 run(s), 0 hit(s), 0 error(s), 0 left on base; Vancouver 0 - Redwood City 2
BOTTOM OF THE 2ND
Redwood City Redwoods batting - Pitching for Vancouver Vipers : RHP Gustavo Ramos
Batting: LHB Bernardo Rodríguez 0-0: Called Strike
0-1: Foul Ball, location: 2F
0-2: Ball
1-2: Ball
2-2: Foul Ball, location: 2F
2-2: Strikes out swinging
Batting: LHB Mike Harris 0-0: Ball
1-0: Ball
2-0: Ball
3-0: Swinging Strike
3-1: Swinging Strike
3-2: Foul Ball, location: 2F
3-2: Fly out, F8 (Flyball, 8RM)
Batting: RHB Juan Robles 0-0: Ball
1-0: Foul Ball, location: 2F
1-1: Fly out, F8 (Flyball, 89M)
Bottom of the 2nd over - 0 run(s), 0 hit(s), 0 error(s), 0 left on base; Vancouver 0 - Redwood City 2
TOP OF THE 3RD
Vancouver Vipers batting - Pitching for Redwood City Redwoods : RHP Tony Meyer
Batting: RHB Víctor Arredondo 0-0: Ball
1-0: Swinging Strike
1-1: Foul Ball, location: 2F
1-2: Ball
2-2: Strikes out swinging
Batting: RHB Jesús Gonzáles 0-0: Called Strike
0-1: Foul Ball, location: 2F
0-2: Ball
1-2: Fly out, F4 (Popup, 4MS)
Batting: RHB Miguel Palácios 0-0: Ground out 4-3 (Groundball, 4M)
Top of the 3rd over - 0 run(s), 0 hit(s), 0 error(s), 0 left on base; Vancouver 0 - Redwood City 2
BOTTOM OF THE 3RD
Redwood City Redwoods batting - Pitching for Vancouver Vipers : RHP Gustavo Ramos
Batting: RHB Miguel González 0-0: Called Strike
0-1: Ball
1-1: Foul Ball, location: 2F
1-2: Foul Ball, location: 2F
1-2: Strikes out swinging
Batting: LHB Keith Green 0-0: Ball
1-0: Ball
2-0: Foul Ball, location: 2F
2-1: Called Strike
2-2: Strikes out looking
Batting: LHB Marcos Vázquez 0-0: Called Strike
0-1: SINGLE (Line Drive, 7LS)
Batting: LHB Pablo Rivas 0-0: Called Strike
Pickoff Throw to First - Out!
Bottom of the 3rd over - 0 run(s), 1 hit(s), 0 error(s), 0 left on base; Vancouver 0 - Redwood City 2
TOP OF THE 4TH
Vancouver Vipers batting - Pitching for Redwood City Redwoods : RHP Tony Meyer
Batting: LHB Dave Gray 0-0: Fly out, F8 (Line Drive, 8LD)
Batting: LHB Tanyu Imai 0-0: Ball
1-0: Ball
2-0: Foul Ball, location: 2F
2-1: Ball
3-1: Ground out 4-3 (Groundball, 4)
Batting: RHB Lorenzo González 0-0: Ball
1-0: Fly out, F9 (Flyball, 9)
Top of the 4th over - 0 run(s), 0 hit(s), 0 error(s), 0 left on base; Vancouver 0 - Redwood City 2
BOTTOM OF THE 4TH
Redwood City Redwoods batting - Pitching for Vancouver Vipers : RHP Gustavo Ramos
Batting: LHB Pablo Rivas 0-0: Ball
1-0: Ball
2-0: Ball
3-0: Called Strike
3-1: DOUBLE (Flyball, 7D)
Batting: RHB Jacob Pope 0-0: Ground out 5-3 (Groundball, 56S)
Pablo Rivas to third
Batting: RHB Héctor Vázquez 0-0: Ground out 4-3 (Groundball, 4)
Pablo Rivas scores
Batting: LHB Bernardo Rodríguez 0-0: Ball
1-0: Ball
2-0: Ground out U3 (Groundball, 3)
Bottom of the 4th over - 1 run(s), 1 hit(s), 0 error(s), 0 left on base; Vancouver 0 - Redwood City 3
TOP OF THE 5TH
Vancouver Vipers batting - Pitching for Redwood City Redwoods : RHP Tony Meyer
Batting: RHB Walton Smith 0-0: Called Strike
0-1: Ball
1-1: Foul Ball, location: 2F
1-2: DOUBLE (Groundball, 5L)
Batting: LHB Mike Williams 0-0: Foul Ball, location: 2F
0-1: Foul Ball, location: 2F
0-2: Ball
1-2: Ball
2-2: Foul Ball, location: 2F
2-2: Ball
3-2: Fly out, F8 (Flyball, 8RM)
Batting: RHB Marvin Workman 0-0: Ground out 6-3 (Groundball, 6)
Batting: RHB Víctor Arredondo 0-0: Ball
1-0: Called Strike
1-1: Ball
2-1: Ground out 6-3 (Groundball, 6)
Top of the 5th over - 0 run(s), 1 hit(s), 0 error(s), 1 left on base; Vancouver 0 - Redwood City 3
BOTTOM OF THE 5TH
Redwood City Redwoods batting - Pitching for Vancouver Vipers : RHP Gustavo Ramos
Batting: LHB Mike Harris 0-0: Called Strike
0-1: Ball
1-1: Foul Ball, location: 2F
1-2: Ball
2-2: SINGLE (Line Drive, 78S)
Batting: RHB Juan Robles 0-0: Ball
1-0: Called Strike
1-1: Ball
2-1: Foul Ball, location: 2F
2-2: Foul Ball, location: 2F
2-2: Ball
Mike Harris steals 2nd base
3-2: Base on Balls
Batting: RHB Miguel González 0-0: Called Strike
0-1: Hit by Pitch
Mike Harris to third
Juan Robles to second
Batting: LHB Keith Green 0-0: Ball
1-0: Foul Ball, location: 2F
1-1: Swinging Strike
1-2: Grounds into fielders choice 1-2 (Groundball, 15S)
Juan Robles to third
Miguel González to second
Batting: LHB Marcos Vázquez 0-0: Ball
1-0: Ball
2-0: Swinging Strike
2-1: Swinging Strike
2-2: Strikes out looking
Batting: LHB Pablo Rivas 0-0: Ball
1-0: Fly out, F8 (Flyball, 8LXD)
Bottom of the 5th over - 0 run(s), 1 hit(s), 0 error(s), 3 left on base; Vancouver 0 - Redwood City 3
TOP OF THE 6TH
Vancouver Vipers batting - Pitching for Redwood City Redwoods : RHP Tony Meyer
Batting: RHB Jesús Gonzáles 0-0: Foul Ball, location: 2F
0-1: Ball
1-1: Foul Ball, location: 2F
1-2: Ball
2-2: Foul Ball, location: 2F
2-2: Ground out 4-3 (Groundball, 4M)
Batting: RHB Miguel Palácios 0-0: Called Strike
0-1: Ball
1-1: Ball
2-1: Ball
3-1: Called Strike
3-2: Base on Balls
Batting: LHB Dave Gray 0-0: Ball
Miguel Palácios is caught stealing 2nd base
1-0: Swinging Strike
1-1: Foul Ball, location: 2F
1-2: Foul Ball, location: 2F
1-2: Ball
2-2: Strikes out swinging
Top of the 6th over - 0 run(s), 0 hit(s), 0 error(s), 0 left on base; Vancouver 0 - Redwood City 3
BOTTOM OF THE 6TH
Redwood City Redwoods batting - Pitching for Vancouver Vipers : RHP Gustavo Ramos
Batting: RHB Jacob Pope 0-0: Called Strike
0-1: Called Strike
0-2: Ball
1-2: Ball
2-2: Foul Ball, location: 2F
2-2: SINGLE (Line Drive, 3D)
Pitching: RHP Don Barnes
Batting: RHB Héctor Vázquez 0-0: Called Strike
0-1: Ball
Jacob Pope steals 2nd base
1-1: Intentional Walk
Batting: LHB Bernardo Rodríguez 0-0: Called Strike
0-1: Ball
1-1: Ball
2-1: Foul Ball, location: 2F
2-2: Strikes out looking
Batting: LHB Mike Harris 0-0: Ball
1-0: Ball
2-0: Swinging Strike
2-1: Ball
3-1: Foul Ball, location: 2F
3-2: Base on Balls
Jacob Pope to third
Héctor Vázquez to second
Batting: RHB Juan Robles 0-0: Ball
1-0: Called Strike
1-1: Ball
2-1: Foul Ball, location: 2F
2-2: Strikes out swinging
Batting: RHB Miguel González 0-0: Foul Ball, location: 2F
0-1: Ball
1-1: Ball
2-1: Foul Ball, location: 2F
2-2: Ball
3-2: Strikes out swinging
Bottom of the 6th over - 0 run(s), 1 hit(s), 0 error(s), 3 left on base; Vancouver 0 - Redwood City 3
TOP OF THE 7TH
Vancouver Vipers batting - Pitching for Redwood City Redwoods : RHP Tony Meyer
Batting: LHB Tanyu Imai 0-0: Ball
1-0: Fly out, F9 (Flyball, 9S)
Batting: RHB Lorenzo González 0-0: Called Strike
0-1: Fly out, F9 (Flyball, 9S)
Batting: RHB Walton Smith 0-0: Ball
1-0: Called Strike
1-1: Foul Ball, location: 2F
1-2: Ball
2-2: Ball
3-2: Base on Balls
Batting: LHB Mike Williams 0-0: Ball
1-0: Called Strike
1-1: Ball
2-1: Ball
3-1: Base on Balls
Walton Smith to second
Batting: RHB Marvin Workman 0-0: Called Strike
0-1: Ball
1-1: Ball
2-1: Ball
3-1: DOUBLE (Line Drive, 7D)
Walton Smith scores
Mike Williams to third
Runner from 3rd tries for Home, SAFE, no throw
Batting: RHB Víctor Arredondo 0-0: Ball
1-0: SINGLE (Line Drive, 4)
Marvin Workman to third
Batting: RHB Jesús Gonzáles 0-0: Ball
1-0: Foul Ball, location: 2F
1-1: Ball
Víctor Arredondo is caught stealing 2nd base
Top of the 7th over - 2 run(s), 2 hit(s), 0 error(s), 0 left on base; Vancouver 2 - Redwood City 3
BOTTOM OF THE 7TH
Redwood City Redwoods batting - Pitching for Vancouver Vipers : RHP Don Barnes
Pitching: LHP Greg Taylor
Batting: LHB Keith Green 0-0: Ball
1-0: Foul Ball, location: 2F
1-1: Foul Ball, location: 2F
1-2: Ball
2-2: Foul Ball, location: 2F
2-2: Fly out, F8 (Flyball, 8LM)
Batting: LHB Marcos Vázquez 0-0: Called Strike
0-1: Foul Ball, location: 2F
0-2: Ball
1-2: Foul Ball, location: 2F
1-2: Ball
2-2: Ball
3-2: Foul Ball, location: 2F
3-2: Foul Ball, location: 2F
3-2: Base on Balls
Pitching: RHP Bob Martin
Batting: LHB Pablo Rivas 0-0: Called Strike
0-1: Ball
1-1: Grounds into double play, 1-4-3 (Groundball, 15)
Bottom of the 7th over - 0 run(s), 0 hit(s), 0 error(s), 0 left on base; Vancouver 2 - Redwood City 3
TOP OF THE 8TH
Vancouver Vipers batting - Pitching for Redwood City Redwoods : RHP Tony Meyer
Pitching: RHP Steve Poe
Now at 1B: Carlos Gonzáles
Now in RF: José Martínez
Batting: RHB Jesús Gonzáles 0-0: Fly out, F8 (Flyball, 8LS)
Pitching: RHP Lorenzo Vargas
Batting: RHB Miguel Palácios 0-0: Called Strike
0-1: Called Strike
0-2: Foul Ball, location: 2F
0-2: Ball
1-2: Ball
2-2: Ball
3-2: Ground out 6-3 (Groundball, 6)
Batting: LHB Dave Gray 0-0: Called Strike
0-1: Ground out 6-3 (Groundball, 6)
Top of the 8th over - 0 run(s), 0 hit(s), 0 error(s), 0 left on base; Vancouver 2 - Redwood City 3
BOTTOM OF THE 8TH
Redwood City Redwoods batting - Pitching for Vancouver Vipers : RHP Bob Martin
Batting: RHB Jacob Pope 0-0: Called Strike
0-1: Foul Ball, location: 2F
0-2: Ball
1-2: Strikes out swinging
Batting: RHB Héctor Vázquez 0-0: SINGLE (Flyball, 89S)
Pinch Hitting: LHB Patrick Bright 0-0: Swinging Strike
0-1: SINGLE (Groundball, 3D)
Héctor Vázquez to second
Runner from 2nd tries for 3rd, SAFE, no throw
Batting: LHB Mike Harris 0-0: Ball
1-0: Ball
2-0: Foul Ball, location: 2F
2-1: Swinging Strike
2-2: SINGLE (Groundball, 34D)
Héctor Vázquez scores
Patrick Bright to second
Runner from 2nd tries for 3rd, SAFE, no throw
Batting: RHB Juan Robles 0-0: Ball
Mike Harris is caught stealing 2nd base
1-0: Foul Ball, location: 2F
1-1: Foul Ball, location: 2F
1-2: Foul Ball, location: 2F
1-2: Strikes out looking
Bottom of the 8th over - 1 run(s), 3 hit(s), 0 error(s), 1 left on base; Vancouver 2 - Redwood City 4
TOP OF THE 9TH
Vancouver Vipers batting - Pitching for Redwood City Redwoods : RHP Lorenzo Vargas
Pitching: RHP David Bishop
Now at SS: Jesús Cuevas
Batting: LHB Tanyu Imai 0-0: Swinging Strike
0-1: Foul Ball, location: 2F
0-2: Ball
1-2: SINGLE (Flyball, 8LS)
Batting: RHB Lorenzo González 0-0: Ball
1-0: Called Strike
1-1: Foul Ball, location: 2F
1-2: Foul Ball, location: 2F
1-2: Ball
2-2: Strikes out swinging
Batting: RHB Walton Smith 0-0: Ball
1-0: Called Strike
1-1: Ball
2-1: DOUBLE (Flyball, 8RD)
Tanyu Imai to third
Batting: LHB Mike Williams 0-0: Called Strike
0-1: Ball
1-1: DOUBLE (Groundball, 3L)
Tanyu Imai scores
Walton Smith scores
Pitching: RHP Gil Paling
Batting: RHB Marvin Workman 0-0: Called Strike
0-1: Ball
1-1: Ball
2-1: Called Strike
2-2: Ground out 5-3 (Groundball, 56)
Batting: RHB Víctor Arredondo 0-0: Called Strike
0-1: Called Strike
0-2: Ball
1-2: Fly out, F8 (Flyball, 8LD)
Top of the 9th over - 2 run(s), 3 hit(s), 0 error(s), 1 left on base; Vancouver 4 - Redwood City 4
BOTTOM OF THE 9TH
Redwood City Redwoods batting - Pitching for Vancouver Vipers : RHP Bob Martin
Pitching: RHP Pedro Días
Pinch Hitting: RHB Bob Campbell 0-0: Ball
1-0: Called Strike
1-1: Ball
2-1: Ball
3-1: Base on Balls
Batting: LHB Keith Green 0-0: Bunted foul
0-1: Ball
1-1: Sac Bunt - play at first, batter OUT! U3
Bob Campbell to second
Pinch Hitting: LHB Frank Young 0-0: Intentional Walk
Pinch Hitting: RHB Javier Ortíz 0-0: Called Strike
Bob Campbell steals 3rd base
Frank Young to second
0-1: Intentional Walk
Batting: RHB Jacob Pope 0-0: Ball
1-0: Swinging Strike
1-1: Foul Ball, location: 2F
1-2: Ball
2-2: Fly out, F7 (Flyball, 7)
Runner from 3rd tags up, SCORES, throw made
Thursday, March 30th, 2017 - OOTP Baseball 17.12 Build 75